 Dungeon Crawl Stone Soup version 0.18.1-8-gdd0e5ea (webtiles) character file.

103579 juanjsm the Unseen (level 15, -3/88 HPs)
             Began as a Spriggan Enchanter on June 8, 2016.
             Was the Champion of Ashenzari.
             Slain by a sea snake (19 damage)
             ... on level 1 of the Shoals.
             The game lasted 03:47:05 (25128 turns).

juanjsm the Unseen (Spriggan Enchanter)            Turns: 25128, Time: 03:47:06

Health: -3/88      AC:  9    Str: 13    XL:     15   Next: 89%
Magic:  32/42      EV: 20    Int: 29    God:    Ashenzari [******]
Gold:   377        SH:  6    Dex: 18    Spells: 9 memorised, 13 levels left

rFire  . . .     SeeInvis +     (weapon currently unavailable)
rCold  + + +     Gourm    .     (armour currently unavailable)
rNeg   . . .     Faith    .     (shield currently unavailable)
rPois  +         Spirit   .     (helmet currently unavailable)
rElec  .         Dismiss  .     (cloak currently unavailable)
rCorr  .         Reflect  +     (gloves unavailable)
SustAt .         Harm     .     (boots unavailable)
MR     ++++.     Clarity  +     o - +6 amulet of reflection
Stlth  ++++++++..               c - ring of Ticiuwk {rPois MR+ Str+9} (curse)
                                N - ring "Denydgh" {+Blink rF+ MP+9 Int+5} (curse)

@: ice-form, incredibly resistant to hostile enchantments, extraordinarily
stealthy
A: unfitting armour, (hooves 0), (horns 0), (icy blue scales 0), (molten scales
0), (yellow scales 0), see invisible, agile 1, herbivore 3, (speed 0), magic
resistance 1, mutation resistance 1, (shaggy fur 0), slow metabolism 2, (sturdy
frame 0)
a: End Transformation, Curse Item, Scrying, Transfer Knowledge, Renounce
Religion, Evoke Blink


You were on level 1 of the Shoals.
You worshipped Ashenzari.
Ashenzari was exalted by your worship.
You were not hungry.
You were a creature of crystalline ice.
You visited 5 branches of the dungeon, and saw 28 of its levels.
You visited 1 bazaar.
You also visited: Sewer, Ossuary and Volcano.

You collected 2505 gold pieces.
You spent 2128 gold pieces at shops.

Inventory:

Hand Weapons
 U - a cursed +3 vampiric dagger (melded)
Armour
 n - a cursed +2 robe of cold resistance (melded)
 Q - a cursed +1 buckler
 Y - a +1 cloak (melded)
Jewellery
 c - the cursed ring of Ticiuwk (right front paw) {rPois MR+ Str+9}
   (You bought it in a shop on level 5 of the Dungeon)

   [ring of protection from magic]

   It affects your strength (+9).
   It protects you from poison.
   It affects your resistance to hostile enchantments.
   It has a curse placed upon it.
 m - an uncursed ring of flight
 o - a +6 amulet of reflection (around neck)
 p - a +3 ring of protection
 B - a cursed +2 ring of strength
 N - the cursed ring "Denydgh" (left front paw) {+Blink rF+ MP+9 Int+5}
   (You found it on level 4 of the Dungeon)

   [ring of magical power]

   It affects your intelligence (+5).
   It protects you from fire.
   It affects your magic capacity (+9).
   It lets you blink.
   It has a curse placed upon it.
Wands
 k - a wand of teleportation (4/9)
 r - a wand of lightning (11/15)
 z - a wand of hasting (3/9)
Scrolls
 f - 4 scrolls of remove curse
 i - a scroll of summoning
 j - 2 scrolls of blinking
 l - 7 scrolls of identify
 y - 7 scrolls of teleportation
 A - 4 scrolls of magic mapping
 J - a scroll of fog
 R - a scroll of fear
Potions
 a - 6 potions of curing
 e - a potion of magic
 h - a potion of heal wounds
 q - 5 potions of resistance
 s - 7 potions of flight
 u - 6 potions of haste
 v - a potion of cancellation
 w - 2 potions of berserk rage
 x - 3 potions of brilliance
 D - 7 potions of lignification
 E - 2 potions of might
 T - 3 potions of ambrosia
 V - a potion of invisibility
Miscellaneous
 b - a plain deck of changes {the Elixir}
 g - a sack of spiders {used: 1}
 t - a plain deck of defence {the Elixir}
 C - a phial of floods
 I - a crystal ball of energy
 L - a plain deck of changes {Wild Magic}
Comestibles
 d - 14 bread rations


   Skills:
 * Level 6.4 Fighting
 + Level 8.5(12.9) Short Blades
 * Level 14.2 Dodging
 + Level 20.6 Stealth
 * Level 6.5 Shields
 + Level 13.0 Spellcasting
 * Level 2.9(5.5) Conjurations
 + Level 11.2(13.9) Hexes
 * Level 9.8(12.6) Transmutations
 + Level 4.3(7.2) Ice Magic
 * Level 10.0(12.8) Evocations


You had 13 spell levels left.
You knew the following spells:

 Your Spells              Type           Power        Failure   Level  Hunger
a - Ice Form              Ice/Trmt       ######..     1%          4    None
b - Ensorcelled Hibernat  Hex/Ice        ######       1%          2    None
c - Confuse               Hex            #######.     1%          3    None
d - Dazzling Spray        Conj/Hex       ######..     1%          3    None
e - Tukima's Dance        Hex            #######.     1%          3    None
f - Ozocubu's Armour      Chrm/Ice       #####...     1%          3    None
g - Throw Icicle          Conj/Ice       ######..     1%          4    None
h - Freeze                Ice            ####         1%          1    None
i - Petrify               Trmt/Erth      ######..     1%          4    None


Dungeon Overview and Level Annotations

Branches:
Dungeon (15/15)            Temple (1/1) D:6            Lair (8/8) D:11
 Shoals (2/4) Lair:5       Spider (0/4) Lair:3        Slime (0/6) Lair:8
    Orc (2/2) D:11            Elf (0/3) Orc:2        Vaults (0/5) D:14
 Depths (0/5) D:15

Altars:
Ashenzari
Cheibriados
Dithmenos
Elyvilon
Fedhas
Gozag
Kikubaaqudgha
Makhleb
Nemelex Xobeh
Okawaru
Pakellas
Qazlal
Ru
Sif Muna
Trog
Vehumet
Xom
Yredelemnul
Zin
The Shining One
Jiyva

Shops:
D:5 =   D:8 =*   Orc:2 ?!*!

Annotations:
D:11 exclusion: ice statue
D:12 M4edhros's ghost, journeyman OpAr
D:15 exclusion: Roxanne, Roxanne
Lair:6 exclusion: oklob plant, Kirke
Lair:8 exclusion: oklob plant


Innate Abilities, Weirdness & Mutations

You are tiny and cannot use many weapons and most armour.
You have supernaturally acute eyesight.
You are a herbivore.
((You cover ground extremely quickly.))
You need consume almost no food.
((You have large cloven feet.))
((You have a pair of small horns on your head.))
((You are partially covered in icy blue scales (AC +1).))
((You are partially covered in molten scales (AC +1).))
((You are partially covered in yellow scales (AC +2).))
You are agile. (Dex +2)
You are resistant to hostile enchantments.
You are somewhat resistant to further mutation.
((You are covered in fur (AC +1).))
((Your movements are slightly less encumbered by armour (ER -2).))


Message History

Press: ? - help, Shift-Dir - straight line, f - sea snake
Aim: a sea snake (moderately wounded)
The spray of energy hits the sea snake.
The sea snake is heavily wounded.
The sea snake is dazzled.
The sea snake bites you but does no damage.
The sea snake closely misses you.
You strike the helpless sea snake from behind!
You hit the sea snake.
The sea snake seems to slow down.
You freeze the sea snake.
The sea snake is heavily wounded.
The sea snake completely misses you.
The sea snake is no longer moving slowly.
The sea snake hisses angrily.
The sea snake misses you.
The sea snake is no longer blind.
The sea snake bites you!
* * * LOW HITPOINT WARNING * * *
The sea snake bites you!!
You die...

≈≈≈P≈............≈...............
≈≈≈≈≈P..#%.##.................###
≈≈PP≈..P#...##.≈≈≈.≈....≈≈≈....##
≈≈≈≈≈≈P.....##..≈≈≈..≈...≈.....(#
≈≈≈P≈≈P..≈..≈≈≈≈≈≈≈≈............#
≈≈≈≈≈≈≈..≈≈...m###≈≈....##...#.##
≈≈≈≈≈P≈≈.≈≈..≈.≈.##≈.≈≈)..######
≈≈≈≈≈≈......†...S.≈...≈≈..#
≈≈≈≈≈≈........[.Y......≈..##
≈≈≈≈≈≈≈.......≈≈S##.(.≈≈...####
≈≈≈≈.≈......≈≈≈≈≈.##..≈≈≈.....###
≈≈≈≈.........≈≈≈......≈≈≈≈.≈.....
≈≈≈.P...#.....≈≈...≈≈.≈≈≈≈.≈.....
≈≈≈≈P≈..##........≈≈≈≈.≈≈≈.≈.....
≈PP.P.≈..##.†.....≈≈≈≈≈.≈≈.....≈≈
≈≈≈...≈≈....#.....≈≈≈≈≈≈≈≈.≈≈≈...
≈PP≈.≈≈≈.........≈≈≈≈.≈≈≈≈≈≈.≈≈..


You could see 2 sea snakes and a water nymph.

Vanquished Creatures
  Saint Roka (Orc:2)
  Rupert (D:12)
  Maud (Orc:2)
  Nessos (D:13)
  Azrael (D:15)
  A merfolk impaler (Shoals:1)
  Snorg (D:13)
  Josephine (D:13)
  A yaktaur captain (D:15)
  Harold (Lair:3)
  Fannar (D:10)
  7 hydras
  6 centaur warriors
  A catoblepas (Lair:3)
  A satyr (Shoals:1)
  A merfolk aquamancer (Shoals:1)
  5 orc high priests (Orc:2)
  Urug (Lair:1)
  Sonja (Lair:3)
  A sea snake (Shoals:1)
  A wizard (D:14)
  An unseen horror (D:13)
  3 orc knights
  Pikel (D:8)
  4 harpies (Shoals:1)
  10 hill giants
  19 ugly things
  A griffon (Lair:6)
  3 orc sorcerers
  6 fauns (Shoals:1)
  A manticore (Shoals:1)
  A cyclops (D:15)
  Maurice (D:10)
  3 black mambas
  A water nymph (Shoals:1)
  A toenail golem (Volcano)
  Joseph (D:8)
  3 torpor snails (Lair:4)
  A molten gargoyle (Volcano)
  21 spiny frogs
  2 gargoyles
  A kobold demonologist (D:11)
  5 yaktaurs
  9 komodo dragons
  7 trolls
  A giant leech (Lair:8)
  5 merfolk (Shoals:1)
  A wind drake (Shoals:1)
  3 two-headed ogres
  A boulder beetle (Lair:7)
  32 blink frogs
  The ghost of juanjsm the Changer, an amateur OpTm of Cheibriados (D:5)
  A vampire (D:13)
  7 wraiths
  21 yaks
  A spriggan (shapeshifter) (D:13)
  A water elemental (Shoals:1)
  3 wyverns
  A human (D:7)
  11 vampire mosquitoes
  3 basilisks
  A hungry ghost (D:14)
  3 fire elementals (D:15)
  2 hogs
  2 steam dragons
  8 hippogriffs
  A hippogriff (shapeshifter) (D:15)
  3 wargs
  A soldier ant (shapeshifter) (D:15)
  A mottled dragon (D:15)
  A hell hound (D:15)
  Purgy (Sewer)
  15 water moccasins
  7 porcupines
  38 orc warriors
  3 black bears
  An eye of draining (D:12)
  A wasp (D:14)
  3 phantoms
  An ice beast (D:12)
  3 necrophages
  3 sky beasts
  A boggart (D:14)
  13 wolves
  16 centaurs
  8 ogres
  14 crocodiles
  4 big kobolds
  An earth elemental (Volcano)
  38 giant frogs
  A wyvern zombie (D:7)
  4 scorpions
  12 killer bees
  10 electric eels
  8 wights
  A howler monkey (D:8)
  5 crimson imps
  3 centaur zombies
  4 hounds
  A quasit (D:6)
  12 jellies
  2 giant frog zombies
  24 orc priests
  2 centaur skeletons
  5 iguanas
  20 orc wizards
  7 worker ants
  2 big kobold zombies (Ossuary)
  12 sheep
  A hound zombie (D:5)
  Robin (D:4)
  2 hound skeletons (D:4)
  5 mummies (Ossuary)
  A worker ant zombie (D:5)
  3 gnolls
  10 adders
  44 river rats
  A shadow imp (D:14)
  16 oozes
  2 adder skeletons
  2 worms
  2 dart slugs
  2 giant geckos
  89 orcs
  3 ball pythons
  6 bats
  9 giant cockroaches
  3 gnoll zombies
  23 goblins
  9 hobgoblins
  5 jackals
  24 kobolds
  5 quokkas
  A giant gecko skeleton (D:9)
  8 giant newts
  2 goblin zombies (Ossuary)
  2 kobold zombies (Ossuary)
  2 quokka skeletons
  5 rats
  A fungus (Lair:8)
853 creatures vanquished.

Vanquished Creatures (collateral kills)
  7 orc knights (Orc:2)
  3 orc warriors (Orc:2)
  4 orc priests (Orc:2)
  An orc (Orc:2)
15 creatures vanquished.

Vanquished Creatures (others)
  A dancing weapon (Orc:2)
  2 slaves (D:8)
  A centaur (D:8)
  A shadow imp (D:8)
  An orc (Orc:2)
  A kobold (D:8)
  23 fungi
  10 plants
40 creatures vanquished.

Grand Total: 908 creatures vanquished

Notes
Turn   | Place    | Note
--------------------------------------------------------------
     0 | D:1      | juanjsm the Spriggan Enchanter began the quest for the Orb.
     0 | D:1      | Reached XP level 1. HP: 9/9 MP: 5/5
   120 | D:3      | Reached XP level 2. HP: 6/13 MP: 7/7
   126 | D:3      | Learned a level 2 spell: Ensorcelled Hibernation
   193 | D:3      | Reached skill level 5 in Stealth
   193 | D:3      | Reached XP level 3. HP: 10/16 MP: 3/8
   216 | D:3      | Found a radiant altar of Vehumet.
   315 | D:3      | Found a glowing drain.
   322 | Sewer    | Entered a sewer
   446 | Sewer    | Noticed Purgy
   453 | Sewer    | Killed Purgy
   453 | Sewer    | Reached skill level 6 in Stealth
   453 | Sewer    | Reached skill level 5 in Hexes
   453 | Sewer    | Reached XP level 4. HP: 21/21 MP: 3/10
   453 | Sewer    | Reached XP level 5. HP: 24/24 MP: 3/11
   460 | Sewer    | Learned a level 3 spell: Confuse
   464 | Sewer    | Learned a level 3 spell: Dazzling Spray
  1837 | D:3      | HP: 1/24 [orc wizard/magic dart (6)]
  1838 | D:3      | Reached skill level 7 in Stealth
  1838 | D:3      | Reached XP level 6. HP: 1/28 MP: 2/13
  1964 | D:3      | Gained mutation: You are partially covered in icy blue scales (AC +1). [potion of mutation]
  1964 | D:3      | Gained mutation: You are partially covered in molten scales (AC +1). [potion of mutation]
  1964 | D:3      | Gained mutation: You are resistant to hostile enchantments. [potion of mutation]
  2344 | D:4      | Learned a level 3 spell: Tukima's Dance
  2469 | D:5      | Entered Level 5 of the Dungeon
  2469 | D:5      | Noticed juanjsm's ghost (amateur OpTm)
  2562 | D:4      | Noticed Robin
  3240 | D:4      | Killed Robin
  3328 | D:6      | Reached skill level 8 in Stealth
  3328 | D:6      | Reached XP level 7. HP: 17/32 MP: 7/15
  3367 | D:6      | Found a sparkling altar of Nemelex Xobeh.
  3436 | D:6      | Reached skill level 5 in Dodging
  3450 | D:6      | Found a deep blue altar of Sif Muna.
  3521 | D:6      | Reached skill level 5 in Spellcasting
  3533 | D:6      | Found a sand-covered staircase.
  3539 | Ossuary  | Entered an ossuary
  3608 | Ossuary  | Reached skill level 9 in Stealth
  4042 | D:5      | Found Zomainim's Jewellery Emporium.
  4046 | D:5      | Reached XP level 8. HP: 36/36 MP: 17/17
  4087 | D:5      | Found an ancient bone altar of Kikubaaqudgha.
  4087 | D:5      | Found a shadowy altar of Dithmenos.
  4131 | D:5      | Killed juanjsm's ghost
  4131 | D:5      | Reached skill level 10 in Stealth
  4462 | D:4      | Got a transparent iron ring
  4464 | D:4      | Identified the ring "Denydgh" {+Blink rF+ MP+9 Int+5} (You found it on level 4 of the Dungeon)
  5061 | D:5      | Reached skill level 11 in Stealth
  5307 | D:6      | Found a staircase to the Ecumenical Temple.
  5321 | Temple   | Entered the Ecumenical Temple
  5345 | Temple   | Became a worshipper of Ashenzari the Shackled
  5489 | D:6      | Identified Sif Muna's Catalogue of the Mountains
  5633 | D:7      | Reached XP level 9. HP: 40/40 MP: 20/20
  5698 | D:7      | Reached skill level 12 in Stealth
  5701 | D:7      | Reached skill level 5 in Short Blades
  5973 | D:7      | Found an opulent altar of Gozag.
  6151 | D:7      | Found a basalt altar of Yredelemnul.
  6165 | D:7      | Found a shimmering altar of Xom.
  6760 | D:8      | Gained mutation: Your movements are slightly less encumbered by armour (ER -2). [potion of beneficial mutation]
  6768 | D:8      | Found Nugg's Jewellery Shoppe.
  6807 | D:8      | Noticed Pikel
  6811 | D:8      | Killed Pikel
  6811 | D:8      | Reached skill level 13 in Stealth
  7009 | D:8      | Noticed Joseph
  7062 | D:10     | Entered Level 10 of the Dungeon
  7062 | D:10     | Reached * piety under Ashenzari
  7064 | D:10     | Reached skill level 1 in Fighting
  7075 | D:10     | Noticed a gargoyle
  7305 | D:8      | Found Ziacsom's General Store.
  7431 | D:10     | Reached skill level 14 in Stealth
  7436 | D:10     | Reached XP level 10. HP: 40/45 MP: 23/23
  7469 | D:10     | Noticed Maurice
  7592 | D:10     | Noticed a hill giant
  7763 | D:9      | Got the shortbow of Qarchali {velocity, +Blink MR++ MP+9 Str-3}
  8016 | D:10     | Killed a gargoyle
  8027 | D:10     | Killed a hill giant
  8068 | D:10     | Killed Maurice
  8068 | D:10     | Reached skill level 1 in Shields
  8092 | D:10     | Noticed Fannar
  8167 | D:10     | Learned a level 3 spell: Ozocubu's Armour
  8243 | D:10     | Identified the +9 shortbow of Qarchali {velocity, +Blink MR++ MP+9 Str-3} (You found it on level 9 of the Dungeon)
  8294 | D:10     | Killed Fannar
  8294 | D:10     | Reached skill level 15 in Stealth
  8322 | D:11     | Found a staircase to the Orcish Mines.
  8322 | D:11     | Found a staircase to the Lair.
  8322 | D:11     | Noticed a six-headed hydra
  8324 | D:11     | Noticed a hill giant
  8326 | D:11     | Killed a six-headed hydra
  8489 | Lair:1   | Entered Level 1 of the Lair of Beasts
  8494 | Lair:1   | Noticed a spiny frog
  8504 | Lair:1   | Killed a spiny frog
  8504 | Lair:1   | Reached XP level 11. HP: 49/49 MP: 19/25
  8507 | Lair:1   | Reached skill level 10 in Spellcasting
  8725 | Lair:2   | Reached ** piety under Ashenzari
  8773 | Lair:1   | Noticed an eight-headed hydra
  8776 | Lair:1   | Killed an eight-headed hydra
  8781 | Lair:1   | Reached skill level 1 in Ice Magic
  8819 | Lair:2   | Learned a level 4 spell: Throw Icicle
  8821 | Lair:2   | Learned a level 1 spell: Freeze
  8952 | Lair:1   | Noticed Urug
  9068 | Lair:1   | Reached skill level 16 in Stealth
  9211 | Lair:1   | Killed Urug
  9434 | Lair:3   | Found a dark tunnel.
  9449 | Volcano  | Entered a volcano
  9552 | Volcano  | Noticed a red ugly thing
  9554 | Volcano  | Killed a red ugly thing
  9578 | Lair:3   | Reached skill level 10 in Dodging
  9603 | Lair:3   | Found a hole to the Spider Nest.
  9671 | Lair:3   | Noticed Harold
  9959 | Lair:2   | Reached *** piety under Ashenzari
 10312 | Lair:2   | Learned a level 4 spell: Petrify
 10345 | Lair:3   | Noticed a catoblepas
 10374 | Lair:3   | Noticed Sonja
 10379 | Lair:3   | Noticed an eight-headed hydra
 10382 | Lair:3   | Killed Sonja
 10382 | Lair:3   | Reached skill level 17 in Stealth
 10382 | Lair:3   | Reached skill level 1 in Evocations
 10382 | Lair:3   | Reached XP level 12. HP: 54/54 MP: 27/27
 10402 | Lair:3   | Killed an eight-headed hydra
 10402 | Lair:3   | Reached skill level 1 in Transmutations
 10574 | Lair:3   | Killed Harold
 10806 | Lair:3   | Killed a catoblepas
 11083 | Lair:4   | Found a glowing golden altar of the Shining One.
 11099 | Lair:4   | Found a snail-covered altar of Cheibriados.
 11862 | Lair:5   | Reached **** piety under Ashenzari
 12164 | Lair:5   | Reached skill level 18 in Stealth
 12195 | Lair:5   | Noticed a six-headed hydra
 12217 | Lair:5   | Killed a six-headed hydra
 12391 | Lair:5   | Found a staircase to the Shoals.
 12452 | Lair:5   | Reached skill level 5 in Evocations
 12925 | Lair:5   | Noticed a five-headed hydra
 13163 | Lair:6   | Noticed Kirke
 13176 | Lair:6   | Noticed a five-headed hydra
 13192 | Lair:6   | Reached XP level 13. HP: 60/60 MP: 27/29
 14216 | Lair:8   | Entered Level 8 of the Lair of Beasts
 14401 | Lair:7   | Reached skill level 5 in Transmutations
 15035 | Lair:8   | Found a viscous altar of Jiyva.
 15035 | Lair:8   | Found a staircase to the Slime Pits.
 15251 | Lair:8   | Reached ***** piety under Ashenzari
 15837 | Lair:8   | Identified Sorcery, Part One (You found it on level 8 of the Lair of Beasts)
 15839 | Lair:8   | Got the uncursed shield "Buruk" {rF+}
 16799 | Orc:1    | Entered Level 1 of the Orcish Mines
 16891 | Orc:1    | Reached skill level 10 in Hexes
 17001 | Orc:1    | Reached skill level 19 in Stealth
 17113 | Orc:2    | Entered Level 2 of the Orcish Mines
 17113 | Orc:2    | Noticed Maud
 17420 | Orc:1    | Reached XP level 14. HP: 67/67 MP: 15/30
 17422 | Orc:1    | Reached skill level 5 in Shields
 17482 | Orc:2    | Found a staircase to the Elven Halls.
 17694 | Orc:2    | Killed Maud
 18246 | Orc:2    | Noticed Saint Roka
 18271 | Orc:2    | Killed Saint Roka
 18396 | Orc:2    | Reached skill level 5 in Fighting
 19753 | Orc:2    | Found Zakash's Distillery.
 19753 | Orc:2    | Found Teluy's Assorted Antiques.
 19754 | Orc:2    | Found Woimmod's Distillery.
 19754 | Orc:2    | Found Hatim's Magic Scroll Shoppe.
 19765 | Orc:2    | Bought a potion of heal wounds for 55 gold pieces
 19765 | Orc:2    | Bought a potion of curing for 33 gold pieces
 19768 | Orc:2    | Bought a scroll of identify for 26 gold pieces
 19768 | Orc:2    | Bought 2 scrolls of identify for 52 gold pieces
 19773 | Orc:2    | Bought a dented jasper amulet for 115 gold pieces
 19776 | Orc:2    | Bought a potion of cure mutation for 375 gold pieces
 19776 | Orc:2    | Bought a potion of heal wounds for 75 gold pieces
 20285 | D:12     | Noticed Rupert
 20463 | D:12     | Noticed M4edhros's ghost (journeyman OpAr)
 20510 | D:12     | Killed Rupert
 20517 | D:13     | Noticed Snorg
 20519 | D:13     | Killed Snorg
 20857 | D:13     | Noticed Josephine
 20866 | D:13     | Killed Josephine
 20876 | D:13     | Reached skill level 1 in Conjurations
 20904 | D:13     | Noticed Nessos
 20907 | D:13     | Killed Nessos
 20907 | D:13     | Reached skill level 20 in Stealth
 20907 | D:13     | Reached XP level 15. HP: 73/73 MP: 32/32
 21178 | D:13     | Reached ****** piety under Ashenzari
 21500 | D:15     | Entered Level 15 of the Dungeon
 21569 | D:14     | Found a gate to the Vaults.
 22791 | D:15     | Noticed Azrael
 22968 | D:15     | Noticed Roxanne
 23033 | D:15     | Found a staircase to the Depths.
 23047 | D:15     | Killed Azrael
 23738 | D:8      | Killed Joseph
 23763 | D:8      | Bought a scroll of identify for 24 gold pieces
 23763 | D:8      | Bought a scroll of identify for 24 gold pieces
 23846 | D:5      | Bought the ring of Ticiuwk {rPois MR+ Str+9} for 716 gold pieces
 23972 | D:8      | Bought a +6 amulet of reflection for 350 gold pieces
 24250 | Lair:2   | Identified a scroll of acquirement
 24250 | Lair:2   | Identified the cursed +1 shadow dragon armour "Ucryan" {+Fly rElec Stlth++++} (You acquired it on level 2 of the Lair of Beasts)
 24309 | Lair:2   | Gained mutation: You are covered in fur (AC +1). [potion of mutation]
 24310 | Lair:2   | Gained mutation: You are somewhat resistant to further mutation. [potion of mutation]
 24311 | Lair:2   | Gained mutation: You have large cloven feet. [potion of mutation]
 24313 | Lair:2   | Gained mutation: You are partially covered in yellow scales (AC +2). [potion of mutation]
 24314 | Lair:2   | Gained mutation: You are agile. (Dex +2) [potion of mutation]
 24314 | Lair:2   | Gained mutation: You have a pair of small horns on your head. [potion of mutation]
 24358 | Lair:2   | Learned a level 4 spell: Ice Form
 24465 | Shoals:1 | Entered Level 1 of the Shoals
 24502 | Shoals:1 | Found a flickering gateway to a bazaar.
 24514 | Bazaar   | Entered a bazaar
 24520 | Bazaar   | Found Fodo's Distillery.
 24520 | Bazaar   | Found Citeikh's Magic Scroll Shop.
 24561 | Bazaar   | Found Haneskon's Weapon Shop.
 24574 | Bazaar   | Found Riloiq's Weapon Shop.
 24606 | Bazaar   | Bought a scroll of remove curse for 42 gold pieces
 24606 | Bazaar   | Bought 3 scrolls of remove curse for 126 gold pieces
 24606 | Bazaar   | Bought a scroll of remove curse for 42 gold pieces
 24606 | Bazaar   | Bought a scroll of identify for 28 gold pieces
 24612 | Bazaar   | Bought a potion of heal wounds for 45 gold pieces
 25010 | Shoals:1 | Reached skill level 10 in Evocations
 25128 | Shoals:1 | Slain by a sea snake

Skill      XL: |  1  2  3  4  5  6  7  8  9 10 11 12 13 14 15 |
---------------+----------------------------------------------+-----
Spellcasting   | 3 4 5 7 8 9 10 11 12 13 | 13.0
Hexes          | 4 5 6 7 8 9 10 11 | 11.2
Stealth        | 5 6 7 8 9 11 14 15 17 18 19 20 | 20.6
Dodging        | 4 5 6 8 10 11 12 13 14 | 14.2
Short Blades   | 2 3 4 5 7 8 |  8.5
Fighting       | 1 3 4 5 6 |  6.4
Shields        | 1 3 4 5 6 |  6.5
Ice Magic      | 1 2 3 4 |  4.3
Evocations     | 1 5 7 8 10 | 10.0
Transmutations | 4 7 8 9 |  9.8
Conjurations   | 1 2 |  2.9

Action                   |  1- 3 |  4- 6 |  7- 9 | 10-12 | 13-15 || total
-------------------------+-------+-------+-------+-------+-------++-------
Melee: Dagger            |    30 |   202 |   243 |   276 |   912 ||  1663
       Kick              |       |       |       |       |    13 ||    13
       Unarmed           |       |       |       |       |    12 ||    12
       Headbutt          |       |       |       |       |    11 ||    11
 Cast: Corona            |     2 |     3 |     1 |       |       ||     6
       Ensorcelled Hiber |     6 |    49 |    43 |   133 |   460 ||   691
       Dazzling Spray    |       |     6 |     1 |     6 |    24 ||    37
       Confuse           |       |     5 |    27 |    24 |   103 ||   159
       Tukima's Dance    |       |       |     1 |       |    11 ||    12
       Ozocubu's Armour  |       |       |       |     4 |    11 ||    15
       Petrify           |       |       |       |       |     8 ||     8
       Freeze            |       |       |       |       |     7 ||     7
       Throw Icicle      |       |       |       |       |     7 ||     7
       Ice Form          |       |       |       |       |     1 ||     1
Invok: Curse Item        |       |       |     2 |     2 |     1 ||     5
       Scrying           |       |       |       |     1 |     8 ||     9
 Abil: Evoke Blink       |       |       |     2 |       |       ||     2
Evoke: Wand              |       |       |       |       |     2 ||     2
       Sack of spiders   |       |       |       |       |     1 ||     1
  Use: Scroll            |       |     4 |     9 |    17 |    10 ||    40
       Potion            |       |     2 |     2 |       |    23 ||    27
 Stab: Sleeping          |    12 |    59 |    68 |   152 |   339 ||   630
       Confused          |       |     2 |    14 |    15 |    72 ||   103
       Invisible         |       |     1 |     1 |     7 |    30 ||    39
       Distracted        |       |       |     1 |     1 |     4 ||     6
       Petrifying        |       |       |       |       |     2 ||     2
       Petrified         |       |       |       |       |     1 ||     1
  Eat: Fruit             |       |     2 |       |       |     3 ||     5
       Pizza             |       |     1 |       |     6 |     3 ||    10
       Bread ration      |       |       |     1 |       |     1 ||     2
Armor: Robe              |     4 |    24 |     9 |    12 |    40 ||    89
       Skin              |       |       |       |       |     4 ||     4
Dodge: Dodged            |    24 |   180 |   137 |   181 |   737 ||  1259
Block: Other             |       |       |       |       |    29 ||    29
